 Dungeon Crawl Stone Soup version 0.31.0-32-g396128a36d (webtiles) character file.

Game seed: 13662929773887656274

4640 gohu the Thaumaturge (level 10, -3/77 HPs)
             Began as a Djinni Fire Elementalist on Mar 14, 2024.
             Killed by the air
             ... invoked by Gastronok
              (25 damage)
             ... on level 8 of the Dungeon.
             The game lasted 00:20:43 (7995 turns).

gohu the Thaumaturge (Djinni Fire Elementalist)     Turns: 7995, Time: 00:20:43

Health: -3/77      AC:  3    Str:  7    XL:     10   Next: 70%
Gold:   126        EV: 15    Int: 22    God:
                   SH:  0    Dex: 13

rFire   + + .        D - +1 spear (venom)
rCold   . . .        (no shield)
rNeg    . . .        a - +0 robe
rPois   ∞            (no helmet)
rElec   .            (no cloak)
rCorr   .            w - +0 pair of gloves
SInv    +            (boots unavailable)
Will    +....        o - amulet of faith
Stlth   ++           f - ring of see invisible
HPRegen 0.32/turn    I - ring of protection from cold
MPRegen 0.00/turn

%: faith, infuse magic (-4 HP)
@: unable to call your familiar, flying
A: sickness immunity, fire resistance 2, cold vulnerability 1, float, innate
caster, HP casting, extra vitality 1
a: no special abilities


You were on level 8 of the Dungeon.
You visited 2 branches of the dungeon, and saw 9 of its levels.
You also visited: Sewer and Ossuary.

You collected 420 gold pieces.
You spent 294 gold pieces at shops.

Inventory:

Hand Weapons
 D - a +1 spear of venom (weapon)
Missiles
 C - 2 throwing nets
Armour
 a - a +0 robe (worn)
 w - a +0 pair of gloves (worn)
Jewellery
 f - a ring of see invisible (left hand)
 o - an amulet of faith (around neck)
 G - a ring of protection from fire
 I - a ring of protection from cold (right hand)
Wands
 E - a wand of polymorph (9)
Scrolls
 b - a scroll of revelation
 c - 5 scrolls of fog {unknown}
 d - 2 scrolls of enchant armour {unknown}
 e - 3 scrolls of noise {unknown}
 g - 7 scrolls of teleportation
 j - 2 scrolls of amnesia {unknown}
 n - 11 scrolls of identify {unknown}
 q - 2 scrolls of fear {unknown}
 y - a scroll of brand weapon {unknown}
 A - 2 scrolls of immolation {unknown}
Potions
 h - a potion of berserk rage {unknown}
 i - a potion of cancellation
 k - a potion of invisibility {unknown}
 l - a potion of might {unknown}
 m - a potion of experience {unknown}
 p - 4 potions of curing {unknown}
 r - 3 potions of ambrosia
 s - 2 potions of mutation
 u - 3 potions of magic {unknown}
 v - a potion of lignification {unknown}
 x - 3 potions of enlightenment {unknown}
 z - 2 potions of haste
 B - 2 potions of degeneration
 F - a potion of brilliance
 H - a potion of resistance {unknown}


   Skills:
 * Level 8.8 Fighting
 + Level 7.1 Dodging
 - Level 1.5 Stealth
 - Level 8.8 Spellcasting
 - Level 8.8 Conjurations
 - Level 8.8 Hexes
 - Level 8.8 Summonings
 - Level 8.8 Necromancy
 - Level 8.8 Translocations
 - Level 8.8 Fire Magic
 - Level 8.8 Ice Magic
 - Level 8.8 Air Magic
 - Level 8.8 Earth Magic
 - Level 8.8 Alchemy


You knew the following spells:

 Your Spells              Type           Power      Damage    Failure   Level
a - Foxfire               Conj/Fire      100%       2x1d9     1%          1
b - Scorch                Fire           96%        2d9       1%          2
c - Flame Wave            Conj/Fire      48%        2d12      1%          4
d - Call Canine Familiar  Summ           48%        N/A       1%          3
e - Volatile Blastmotes   Fire/Tloc      96%        2d18      1%          3
f - Necrotise             Necr           100%       1d9       1%          1
g - Momentum Strike       Conj/Tloc      96%        3d10      1%          2
h - Inner Flame           Hex/Fire       48%        N/A       1%          3
i - Passage of Golubria   Tloc           48%        N/A       1%          4
Your spell library was empty.

Dungeon Overview and Level Annotations

Branches:
Dungeon (8/15)             Temple (1/1) D:5           Sewer (visited)
Ossuary (visited)
   Lair: D:8-11

Altars:
Ashenzari
Dithmenos
Elyvilon
Fedhas
Gozag
Okawaru
Qazlal
Uskayaw
Wu Jian
Yredelemnul
Zin

Shops:
D:7 !

Annotations:
D:6 1 runed translucent door
D:8 Gastronok


Innate Abilities, Weirdness & Mutations

You are immune to sickness and miasma.
You are immune to poison.
Your flesh is very heat resistant. (rF++)
You are vulnerable to cold. (rC-)
You float through the air rather than walking.
You learn spells naturally, not from books.
Your magical power is your life essence.
You have superior vitality. (+4 MHP)


Message History

Your inugami completely misses Gastronok.
Your inugami hits Gastronok.
Casting: Scorch (safe; 1% risk of failure)
Confirm with . or Enter, or press ? or * to list all spells.
Flames lash Gastronok.
Gastronok is burned terribly!
Gastronok is almost dead.
* * * LOW HITPOINT WARNING * * *
Something bites your inugami!!
Your inugami dies!
Your inugami disappears in a puff of smoke!
Casting: Scorch (safe; 1% risk of failure)
Confirm with . or Enter, or press ? or * to list all spells.
Flames lash Gastronok.
Gastronok is burned terribly!
Gastronok is almost dead.
* * * LOW HITPOINT WARNING * * *
Gastronok gurgles.
Gastronok casts a spell.
Casting: Scorch (safe; 1% risk of failure)
Confirm with . or Enter, or press ? or * to list all spells.
You don't have enough health to cast this spell.
Casting: Scorch (safe; 1% risk of failure)
Confirm with . or Enter, or press ? or * to list all spells.
You conjure some foxfire!
* * * LOW HITPOINT WARNING * * *
The foxfire hits the river rat.
The river rat is moderately wounded.
Gastronok gurgles, "A snack!
A snack!"
Your foxfire dissipates!
You see here 3 stones.
You feel much better. The river rat bites you!
Casting: Foxfire (safe; 1% risk of failure)
Confirm with . or Enter, or press ? or * to list all spells.
Flames lash the river rat.
The river rat is almost dead.
The river rat's fire resistance burns away.
* * * LOW HITPOINT WARNING * * *
Gastronok waves his eye-stalks in wide circles.
The air twists around and strikes you!!
You die...
Gastronok gurgles, "Time to dig in!"

### ...
...#############
.......w......>#
...###########w#
... #.# ...
#.######### ...
#.#........ ...
#w#@####### ..w
#.#r#.....# ...
#.#.##.##.#
######.#....#<.#
........w..######.#
..................#
...~~~.....########
...~.......#
..~~.......#


You could see Gastronok (combustible) and a river rat (summoned, combustible).

Vanquished Creatures
  A deep elf pyromancer (D:7)
  A slime creature (D:7)
  A wraith (D:7)
  A vampire mosquito (D:7)
  A steam dragon (D:7)
  A water moccasin (D:7)
  An ice beast (D:6)
  3 orc warriors
  A sky beast (D:7)
  An ogre (D:7)
  A centaur (D:7)
  2 phantoms (D:4)
  4 bullfrogs
  3 scorpions
  A burial acolyte (Ossuary)
  2 wights (D:7)
  6 killer bees
  A howler monkey (D:7)
  A bombardier beetle (D:5)
  A centaur zombie (Ossuary)
  2 hounds (D:4)
  2 orc priests
  2 jellies
  A sleepcap (D:6)
  2 human zombies
  4 iguanas
  An orc wizard (D:7)
  A crocodile zombie (Ossuary)
  A hound zombie (Ossuary)
  3 mummies (Ossuary)
  11 adders
  14 gnolls
  3 river rats (Sewer)
  3 adder zombies (Ossuary)
  4 ribbon worms
  3 dart slugs
  25 orcs
  6 bats
  18 endoplasms
  2 giant cockroaches
  2 gnoll zombies (Ossuary)
  6 hobgoblins
  4 jackals (D:1)
  4 kobolds
  7 quokkas
  10 ball pythons
  3 ball python zombies (Ossuary)
  3 frilled lizards
  8 goblins
  2 jackal zombies (Ossuary)
  2 kobold zombies (Ossuary)
  23 rats
216 creatures vanquished.

Vanquished Creatures (collateral kills)
  A water moccasin (D:7)
  A sky beast (D:7)
  A black bear (D:6)
  An ogre (D:6)
  An elf zombie (Ossuary)
  3 wights (D:7)
  2 killer bees
  A hound (D:6)
  A sleepcap (D:6)
  A crocodile zombie (Ossuary)
  A hound zombie (Ossuary)
  8 gnolls
  2 adders
  A shadow imp (D:7)
  2 adder zombies (Ossuary)
  3 orcs
  A goblin (D:4)
  A ball python zombie (Ossuary)
  A jackal zombie (Ossuary)
  2 kobold zombies (Ossuary)
  2 orc zombies (Ossuary)
37 creatures vanquished.

Vanquished Creatures (others)
  554 foxfires
554 creatures vanquished.

Grand Total: 807 creatures vanquished

Notes
Turn   | Place    | Note
-------+----------+-------------------------------------------
     0 | D:1      | gohu the Djinni Fire Elementalist began the quest for the
                  | Orb.
     0 | D:1      | gohu set off with the following spells memorised: Foxfire,
                  | Scorch, Volatile Blastmotes, Inner Flame, Flame Wave.
     0 | D:1      | Reached XP level 1. HP: 15/15 MP: 0/0
   204 | D:1      | Reached XP level 2. HP: 20/21 MP: 0/0
   339 | D:1      | Reached XP level 3. HP: 23/25 MP: 0/0
   339 | D:1      | Learned a level 1 spell: Necrotise
  1186 | D:2      | Reached XP level 4. HP: 30/31 MP: 0/0
  1260 | D:2      | Found a blossoming altar of Fedhas.
  1569 | D:2      | Found a faded altar of an unknown god.
  1586 | D:2      | Reached XP level 5. HP: 29/35 MP: 0/0
  1586 | D:2      | Learned a level 2 spell: Momentum Strike
  1913 | D:3      | Reached skill level 5 in Spellcasting
  1913 | D:3      | Reached skill level 5 in Conjurations
  1913 | D:3      | Reached skill level 5 in Hexes
  1913 | D:3      | Reached skill level 5 in Summonings
  1913 | D:3      | Reached skill level 5 in Necromancy
  1913 | D:3      | Reached skill level 5 in Translocations
  1913 | D:3      | Reached skill level 5 in Fire Magic
  1913 | D:3      | Reached skill level 5 in Ice Magic
  1913 | D:3      | Reached skill level 5 in Air Magic
  1913 | D:3      | Reached skill level 5 in Earth Magic
  1913 | D:3      | Reached skill level 5 in Alchemy
  1994 | D:3      | Found a glowing drain.
  2007 | Sewer    | Entered a sewer
  2069 | Sewer    | Reached XP level 6. HP: 36/40 MP: 0/0
  2285 | Sewer    | Reached XP level 7. HP: 33/45 MP: 0/0
  2285 | Sewer    | Learned a level 3 spell: Call Canine Familiar
  3272 | D:4      | Reached XP level 8. HP: 44/50 MP: 0/0
  3729 | D:5      | Entered Level 5 of the Dungeon
  3757 | D:5      | Found a sand-covered staircase.
  3762 | Ossuary  | Entered an ossuary
  4491 | D:5      | Found a staircase to the Ecumenical Temple.
  4497 | Temple   | Entered the Ecumenical Temple
  4861 | D:5      | Reached XP level 9. HP: 48/55 MP: 0/0
  4861 | D:5      | Learned a level 4 spell: Passage of Golubria
  5035 | D:6      | Found an opulent altar of Gozag.
  5133 | D:6      | Reached skill level 1 in Fighting
  5348 | D:6      | Found a runed translucent door.
  5354 | D:6      | Found a basalt altar of Yredelemnul.
  6051 | D:7      | Reached skill level 5 in Fighting
  6145 | D:7      | Reached skill level 5 in Dodging
  6194 | D:7      | Reached XP level 10. HP: 30/72 MP: 0/0
  6345 | D:7      | Found Uppag's Distillery.
  6485 | D:7      | Bought a potion of brilliance for 56 gold pieces
  6485 | D:7      | Bought a potion of mutation for 112 gold pieces
  6485 | D:7      | Bought a potion of ambrosia for 112 gold pieces
  6485 | D:7      | Bought a potion of degeneration for 14 gold pieces
  6577 | D:7      | Found a hide-covered altar of Uskayaw.
  6930 | D:7      | Noticed a deep elf pyromancer
  7360 | D:7      | Killed a deep elf pyromancer
  7930 | D:8      | Noticed Gastronok
  7973 | D:8      | HP: 3/77 [Gastronok/the air (14)]
  7995 | D:8      | Killed from afar by Gastronok

Illustrated notes

Levels and vault maps discovered:
D:1:      dpeg_arrival_boxes_within_box, layout_loops_ring,
          nicolae_hexahallways, minmay_tripent
D:2:      layout_rooms, chequers_ecumenical_altar_simple_redux, basic_altar
D:3:      layout_rooms, cheibrodos_sewer_entry_sluice
D:4:      layout_loops_ring
D:5:      layout_rooms, minmay_temple_entry_gardened_gates,
          nicolae_ossuary_entry_false_entrances, serial_park_tiny_2,
          moated_statue
D:6:      layout_basic, grunt_gozag_statues, dk_yredelemnul_ordeal
D:7:      minmay_chambers_of_sevens, layout_loops_cross,
          mainiacjoe_overflow_catwalk, serial_shops, shop
D:8:      layout_basic, jmf_multi_god_temple2, minitemple, uniq_gastronok
Temple:   zaba_magenta_temple

Skill      XL: |  1  2  3  4  5  6  7  8  9 10 |
---------------+-------------------------------+-----
Spellcasting   | 4 5 6 7 8 |  8.8
Conjurations   | 4 5 6 7 8 |  8.8
Hexes          | 4 5 6 7 8 |  8.8
Summonings     | 4 5 6 7 8 |  8.8
Necromancy     | 4 5 6 7 8 |  8.8
Translocations | 4 5 6 7 8 |  8.8
Fire Magic     | 4 5 6 7 8 |  8.8
Ice Magic      | 4 5 6 7 8 |  8.8
Air Magic      | 4 5 6 7 8 |  8.8
Earth Magic    | 4 5 6 7 8 |  8.8
Alchemy        | 4 5 6 7 8 |  8.8
Fighting       | 6 8 |  8.8
Dodging        | 5 7 |  7.1
Stealth        | |  1.5

Action                     |  1- 3 |  4- 6 |  7- 9 | 10-12 || total
---------------------------+-------+-------+-------+-------++-------
  Melee: Spear             |       |       |       |     6 ||     6
   Cast: Foxfire           |    43 |   114 |   139 |    41 ||   337
         Scorch            |     9 |    11 |    90 |    24 ||   134
         Call Canine Famil |       |       |    24 |     8 ||    32
         Flame Wave        |       |       |     1 |     6 ||     7
         Volatile Blastmot |       |       |       |    44 ||    44
         Momentum Strike   |       |       |       |     1 ||     1
    Use: Scroll            |       |     2 |     1 |       ||     3
         Potion            |       |       |     4 |     2 ||     6
 Armour: Robe              |     8 |    11 |    38 |    36 ||    93
  Dodge: Dodged            |    19 |    14 |    46 |    15 ||    94
